 Dungeon Crawl Stone Soup version 0.18-a0-844-g9229740 (webtiles) character file.

82446 tof the Bludgeoner (level 15, -4/141 HPs)
             Began as a Minotaur Monk on Dec 18, 2015.
             Was a High Priest of Ru.
             Slain by a ghost moth (7 damage)
             ... on level 4 of the Spider Nest on Dec 19, 2015.
             The game lasted 02:06:58 (21504 turns).

tof the Bludgeoner (Minotaur Monk)                 Turns: 21504, Time: 02:06:58

Health: -4/141     AC: 14    Str: 17 (19) XL:     15   Next: 29%
Magic:  0/15       EV: 17    Int:  4 (7)  God:    Ru [*****.]
Gold:   696        SH:  0    Dex: 17 (19) Spells: 0 memorised, 14 levels left

rFire  + + .     SeeInvis .     n - +9 dire flail (drain)
rCold  . . .     Gourm    .     l - +0 ring mail "Eqis" {rF+ Regen+}
rNeg   . . .     Faith    .     (shield currently unavailable)
rPois  +         Spirit   .     (helmet restricted)
rElec  .         Dismiss  .     y - +0 cloak
rCorr  .         Reflect  .     A - +1 pair of gloves
SustAt .         Harm     .     U - +1 pair of boots {Stlth+}
MR     +....                    u - amulet of Xom's Sleight of Hands {rPois rF+ MR+ Regen+}
Stlth  ..........               I - ring of poison resistance
                                c - +3 ring of strength

@: exhausted, drained, somewhat resistant to hostile enchantments, extremely
unstealthy
A: retaliatory headbutt, horns 2, blurry vision 1, deterioration 1, no stealth,
hated by all, no charms magic, no hexes magic, no poison magic, magic
vulnerability 1, unskilled 1
a: Sacrifice Health, Sacrifice Nimbleness, Sacrifice Drink, Reject Sacrifices,
Draw Out Power, Power Leap, Apocalypse, Renounce Religion


You were on level 4 of the Spider Nest.
You worshipped Ru.
Ru was extremely pleased with you.
You were full.

You visited 3 branches of the dungeon, and saw 19 of its levels.

You collected 1038 gold pieces.
You spent 342 gold pieces at shops.

Inventory:

Hand Weapons
 n - a +9 dire flail of draining (weapon)
 r - a +2 demon whip of electrocution
 w - the +1 long sword of Pagoo {slice, Str+5}
   (You found it on level 2 of the Spider Nest)

   It inflicts extra damage upon your enemies.
   It affects your strength (+5).
Armour
 l - the +0 ring mail "Eqis" (worn) {rF+ Regen+}
   (You found it on level 1 of the Spider Nest)

   It protects you from fire.
   It increases your rate of regeneration.
 y - a +0 cloak (worn)
 A - a +1 pair of gloves (worn)
 U - a +1 pair of boots of stealth (worn)
Jewellery
 c - a +3 ring of strength (left hand)
 u - the amulet of Xom's Sleight of Hands (around neck) {rPois rF+ MR+ Regen+}
   (You acquired it on level 2 of the Spider Nest)

   [amulet of regeneration]

   It protects you from fire.
   It protects you from poison.
   It affects your resistance to hostile enchantments.
   It increases your rate of regeneration.
 x - a +2 ring of strength
 z - an uncursed ring of see invisible
 G - an uncursed ring of ice
 I - a ring of poison resistance (right hand)
 L - an uncursed ring of flight
Wands
 o - a wand of magic darts (47)
 p - a wand of paralysis (15)
 B - a wand of polymorph (4)
 C - a wand of random effects (32)
 Q - a wand of slowing (33)
 R - a wand of random effects (37)
 V - a wand of confusion (19)
 X - a wand of fireball (7)
Scrolls
 a - a scroll of teleportation
 d - 14 scrolls of remove curse
 h - a scroll of magic mapping
 j - 2 scrolls of identify
 D - a scroll of fear
 M - a scroll of recharging
 S - a scroll of fog
 W - 4 scrolls of enchant weapon
Potions
 g - 3 potions of resistance
 q - a potion of might
 s - a potion of invisibility
 J - a potion of curing
 K - 5 potions of agility
 O - a potion of flight
 T - a potion of cancellation
 Z - 2 potions of haste
Miscellaneous
 b - a stone of tremors
 k - a plain deck of wonders
 Y - a stone of tremors
Comestibles
 m - 15 meat rations
 t - 10 beef jerkies
 E - 25 fruits
 F - 10 royal jellies


   Skills:
 + Level 15.2(14.8) Fighting
 + Level 17.0(16.9) Maces & Flails
   Level 5.1(12.1) Staves
 + Level 1.0(0.7) Throwing
 + Level 13.6(13.2) Armour
 + Level 10.0(9.6) Dodging
 + Level 4.5(4.2) Unarmed Combat
 + Level 1.3(1.0) Evocations


You had 14 spell levels left.
You didn't know any spells.

Dungeon Overview and Level Annotations

Branches:
Dungeon (11/15)            Temple (0/1) D:5            Lair (4/8) D:11
 Spider (4/4) Lair:4
  Swamp: Lair:3-6    Shoals: Lair:3-6       Orc: D:9-12

Altars:
Cheibriados
Elyvilon
Fedhas
Gozag
Kikubaaqudgha
Makhleb
Nemelex Xobeh
Okawaru
Pakellas
Ru
Trog
Xom

Shops:
D:10 ?


Innate Abilities, Weirdness & Mutations

You reflexively headbutt those who attack you in melee.
You have a pair of horns on your head.
You cannot be stealthy.
You are hated by all.
You cannot study or cast Charms magic.
You cannot study or cast Hexes magic.
You cannot study or cast Poison magic.
You are slightly vulnerable to magic.
You are somewhat unskilled (-1 Apt).
Scrolls take you a little longer to read.
Your body sometimes deteriorates upon taking damage.


Message History

The wolf spider hits you.
* * * LOW HITPOINT WARNING * * *
The wolf spider bites you.
* * * LOW HITPOINT WARNING * * *
You feel you are being watched by something.
Something hits you!
* * * LOW HITPOINT WARNING * * *
Something hits you.
* * * LOW HITPOINT WARNING * * *
You feel dopey.
Something stings you but does no damage.
The wolf spider barely misses you. The wolf spider misses you.
As you read the scroll of fear, it crumbles to dust.
You assume a fearsome visage.
The wolf spider looks frightened!
The ghost moth easily resists.
The ghost moth is no longer blind.
You feel you are being watched by something.
The ghost moth stares at you. The ghost moth hits you!
You die...

††##...#
#...#
.......#
#...###
.....≈##
#####...#
#≈...≈#
+..##..≈#
##....≈#
+.[≈....#
##≈≈.≈#
##^.≈.%##
###.≈#
####≈.#
.≈# ##^##
≈## ##@.#
###{y.#
##.≈††≈#
#≈.s†.##
#$...≈≈≈#
^≈...≈#≈≈#
...####≈≈≈
..# ...≈#
## #..##


You could see a ghost moth (invisible) and a wolf spider (fleeing).

Vanquished Creatures
  Norris (Spider:2)
  Arachne (Spider:1)
  Jorgrun (Spider:2)
  Rupert (Lair:4)
  Asterion (Spider:3)
  Frances (Spider:2)
  Roxanne (Spider:3)
  4 emperor scorpions
  2 ghost moths (Spider:4)
  3 entropy weavers
  2 hydras
  A queen ant (Spider:3)
  Nergalle (Lair:4)
  2 hill giants (D:10)
  A deep elf mage (D:10)
  4 hornets
  12 orb spiders
  21 wolf spiders
  A moth of wrath (Spider:4)
  7 black mambas
  A torpor snail (Lair:4)
  Psyche (D:7)
  Joseph (D:7)
  A centaur skeleton (D:10)
  3 spiny frogs
  8 demonic crawlers
  4 komodo dragons
  4 blink frogs (Lair:3)
  A two-headed ogre (D:9)
  30 jumping spiders
  A boulder beetle (Spider:3)
  10 trapdoor spiders
  21 tarantellas
  40 redbacks
  8 hippogriffs
  16 yaks
  6 humans
  Edmund (D:7)
  28 soldier ants
  5 water moccasins
  8 porcupines
  A necrophage (D:10)
  3 sky beasts
  A black bear (D:10)
  2 wasps (D:8)
  2 ice beasts
  4 ogres
  2 crocodiles
  2 centaurs (D:7)
  13 giant frogs
  3 water moccasin skeletons
  A water moccasin zombie (D:5)
  3 scorpions
  4 wights (D:10)
  A centaur zombie (D:9)
  3 electric eels
  A wasp zombie (D:9)
  8 orc priests
  3 giant frog zombies
  9 crimson imps
  8 hounds
  A jelly (D:10)
  A worker ant (shapeshifter) (D:4)
  23 worker ants
  Crazy Yiuf (D:3)
  Jessica (D:2)
  4 giant frog skeletons
  6 iguanas
  14 orc wizards
  A killer bee zombie (D:7)
  5 sheep (D:7)
  A hound zombie (D:5)
  A hound skeleton (D:8)
  2 worker ant zombies
  7 gnolls
  11 adders
  37 river rats
  2 shadow imps
  An ooze (D:3)
  2 adder skeletons
  3 giant geckos
  37 orcs
  2 ball pythons
  3 bats
  A giant cockroach (D:4)
  10 hobgoblins
  7 jackals
  4 quokkas
  4 giant newts
  13 goblins
  14 kobolds
  A quokka zombie (D:6)
  13 rats
573 creatures vanquished.

Vanquished Creatures (others)
  A wolf spider (Spider:3)
  An orb spider (Spider:4)
  A trapdoor spider (Spider:2)
  2 jackals (D:3)
  A quokka (D:3)
  5 fungi
  A plant (Lair:3)
12 creatures vanquished.

Grand Total: 585 creatures vanquished

Notes
Turn   | Place    | Note
--------------------------------------------------------------
     0 | D:1      | tof the Minotaur Monk began the quest for the Orb.
     0 | D:1      | Reached XP level 1. HP: 19/19 MP: 0/0
   245 | D:1      | Reached XP level 2. HP: 24/27 MP: 1/1
   991 | D:2      | Reached XP level 3. HP: 33/33 MP: 2/2
  1321 | D:2      | Noticed Jessica
  1330 | D:2      | Killed Jessica
  1330 | D:2      | Reached XP level 4. HP: 8/40 MP: 3/3
  1594 | D:2      | Found a sparkling altar of Nemelex Xobeh.
  1606 | D:2      | Found an opulent altar of Gozag.
  1915 | D:2      | Reached skill level 5 in Unarmed Combat
  1918 | D:2      | Reached XP level 5. HP: 28/47 MP: 4/4
  2351 | D:3      | Found a white marble altar of Elyvilon.
  2497 | D:3      | Noticed Crazy Yiuf
  2505 | D:3      | Killed Crazy Yiuf
  2505 | D:3      | Reached skill level 1 in Maces & Flails
  3116 | D:3      | Found a sacrificial altar of Ru.
  3122 | D:3      | Reached skill level 1 in Armour
  3141 | D:3      | Became a worshipper of Ru the Awakened
  3157 | D:3      | Gained mutation: You cannot be stealthy. [Ru sacrifice]
  3325 | D:4      | Noticed Blork the orc
  3447 | D:4      | Reached XP level 6. HP: 44/55 MP: 5/5
  3487 | D:4      | Reached skill level 5 in Fighting
  3492 | D:4      | Reached skill level 5 in Dodging
  3869 | D:4      | Reached skill level 1 in Staves
  3901 | D:4      | Found an oddly glowing altar of Pakellas.
  3905 | D:4      | Found an ancient bone altar of Kikubaaqudgha.
  3906 | D:4      | Found a bloodstained altar of Trog.
  3910 | D:4      | Found a sacrificial altar of Ru.
  3911 | D:4      | Found an iron altar of Okawaru.
  3973 | D:4      | Reached XP level 7. HP: 59/61 MP: 6/6
  4413 | D:5      | Entered Level 5 of the Dungeon
  4543 | D:5      | Reached skill level 6 in Fighting
  4548 | D:5      | Reached skill level 5 in Armour
  4555 | D:5      | Reached XP level 8. HP: 22/70 MP: 7/7
  5245 | D:5      | Gained mutation: You are hated by all. [Ru sacrifice]
  5245 | D:5      | Reached * piety under Ru
  5245 | D:5      | Reached ** piety under Ru
  5457 | D:5      | Found a staircase to the Ecumenical Temple.
  5772 | D:6      | Found a burning altar of Makhleb.
  5822 | D:6      | Reached skill level 5 in Staves
  6028 | D:6      | Reached skill level 7 in Fighting
  6323 | D:6      | Found a blossoming altar of Fedhas.
  6577 | D:7      | Noticed Edmund
  6651 | D:7      | Reached XP level 9. HP: 64/81 MP: 8/8
  6676 | D:6      | Reached skill level 8 in Armour
  6986 | D:7      | Killed Edmund
  7257 | D:7      | Noticed Joseph
  7267 | D:7      | Killed Joseph
  7267 | D:7      | Reached skill level 9 in Armour
  7276 | D:7      | Reached skill level 5 in Maces & Flails
  7479 | D:7      | Gained mutation: Scrolls take you a little longer to read. [mutagenic meat]
  7726 | D:7      | Noticed Psyche
  7733 | D:7      | Killed Psyche
  7783 | D:7      | Found a shimmering altar of Xom.
  7824 | D:7      | Reached XP level 10. HP: 91/91 MP: 9/9
  7903 | D:8      | Reached skill level 10 in Armour
  7955 | D:8      | Found a snail-covered altar of Cheibriados.
  8007 | D:8      | Gained mutation: You cannot study or cast Poison magic. [Ru sacrifice]
  8007 | D:8      | Gained mutation: You cannot study or cast Hexes magic. [Ru sacrifice]
  8007 | D:8      | Gained mutation: You cannot study or cast Charms magic. [Ru sacrifice]
  8007 | D:8      | Reached *** piety under Ru
  9229 | D:9      | Reached skill level 10 in Fighting
  9397 | D:10     | Entered Level 10 of the Dungeon
  9426 | D:10     | Noticed a hill giant
  9430 | D:10     | Killed a hill giant
  9656 | D:10     | Found Zocvefeg's Magic Scroll Shop.
  9670 | D:10     | Bought a scroll of enchant weapon for 90 gold pieces
  9670 | D:10     | Bought a scroll of identify for 24 gold pieces
  9670 | D:10     | Bought a scroll of enchant weapon for 90 gold pieces
  9670 | D:10     | Bought a scroll of identify for 24 gold pieces
  9670 | D:10     | Bought a scroll of identify for 24 gold pieces
  9670 | D:10     | Bought a scroll of enchant weapon for 90 gold pieces
  9763 | D:10     | Gained mutation: You are slightly vulnerable to magic. [Ru sacrifice]
  9763 | D:10     | Reached **** piety under Ru
  9874 | D:10     | Noticed a deep elf mage
  9878 | D:10     | Killed a deep elf mage
  9878 | D:10     | Reached skill level 1 in Throwing
  9911 | D:10     | Reached XP level 11. HP: 96/101 MP: 10/10
 10083 | D:10     | Noticed a hill giant
 10093 | D:10     | Killed a hill giant
 10093 | D:10     | Reached skill level 10 in Maces & Flails
 10093 | D:10     | Reached skill level 11 in Armour
 10534 | D:11     | Found a staircase to the Lair.
 10556 | Lair:1   | Entered Level 1 of the Lair of Beasts
 11588 | Lair:2   | Noticed a four-headed hydra
 11595 | Lair:2   | Killed a four-headed hydra
 11650 | Lair:2   | Reached skill level 12 in Armour
 11669 | Lair:2   | Gained mutation: You are somewhat unskilled (-1 Apt). [Ru sacrifice]
 11669 | Lair:2   | Reduced skill Fighting to level 10
 11669 | Lair:2   | Reduced skill Maces & Flails to level 10
 11669 | Lair:2   | Reduced skill Armour to level 11
 11669 | Lair:2   | Reduced skill Dodging to level 5
 11669 | Lair:2   | Reached ***** piety under Ru
 12786 | Lair:3   | Reached XP level 12. HP: 107/110 MP: 11/11
 13168 | Lair:4   | Noticed Nergalle
 13176 | Lair:4   | Killed Nergalle
 13176 | Lair:4   | Reached skill level 12 in Maces & Flails
 13213 | Lair:4   | Noticed Rupert
 13225 | Lair:4   | Killed Rupert
 13648 | Lair:4   | Noticed a six-headed hydra
 13656 | Lair:4   | Killed a six-headed hydra
 13741 | Lair:4   | Found a hole to the Spider Nest.
 13751 | Spider:1 | Entered Level 1 of the Spider Nest
 13758 | Spider:1 | Paralysed by a hornet for 3 turns
 13763 | Spider:1 | Reached skill level 13 in Maces & Flails
 14179 | Spider:1 | Noticed an emperor scorpion
 14194 | Spider:1 | Killed an emperor scorpion
 14924 | Lair:4   | Reached XP level 13. HP: 105/119 MP: 12/12
 15508 | Spider:1 | Got a faintly glowing ring mail
 15511 | Spider:1 | Identified the cursed +0 ring mail "Eqis" {rF+ Regen+} (You found it on level 1 of the Spider Nest)
 15648 | Spider:2 | Identified a scroll of acquirement
 15650 | Spider:2 | Got a scorched steel amulet
 15651 | Spider:2 | Identified the amulet of Xom's Sleight of Hands {rPois rF+ MR+ Regen+} (You acquired it on level 2 of the Spider Nest)
 15712 | Spider:2 | Reached skill level 14 in Maces & Flails
 16085 | Spider:2 | Got a brightly glowing long sword
 16086 | Spider:2 | Identified the +1 long sword of Pagoo {slice, Str+5} (You found it on level 2 of the Spider Nest)
 16268 | Spider:2 | Noticed Frances
 16286 | Spider:2 | Killed Frances
 17322 | Spider:2 | Noticed Arachne
 17600 | Spider:1 | Killed Arachne
 17600 | Spider:1 | Reached skill level 15 in Maces & Flails
 17747 | Spider:2 | Reached skill level 1 in Evocations
 17940 | Spider:3 | Noticed Jorgrun
 17950 | Spider:2 | Reached XP level 14. HP: 113/130 MP: 13/13
 18010 | Spider:3 | Noticed Roxanne
 18026 | Spider:2 | Killed Jorgrun
 18185 | Spider:3 | Noticed an emperor scorpion
 18195 | Spider:3 | Noticed an emperor scorpion
 18204 | Spider:2 | Killed an emperor scorpion
 18336 | Spider:2 | Killed an emperor scorpion
 18512 | Spider:3 | Noticed Norris
 18512 | Spider:3 | Paralysed by Norris for 3 turns
 18524 | Spider:2 | Paralysed by Norris for 7 turns
 18542 | Spider:2 | Killed Norris
 18767 | Spider:3 | Noticed Asterion
 18786 | Spider:3 | Killed Asterion
 18878 | Spider:3 | Killed Roxanne
 18878 | Spider:3 | Reached skill level 16 in Maces & Flails
 19453 | Spider:4 | Entered Level 4 of the Spider Nest
 20668 | Spider:4 | Killed a ghost moth
 20672 | Spider:4 | Gained mutation: Your body sometimes deteriorates upon taking damage. [mutagenic meat]
 20813 | Spider:4 | Noticed a ghost moth
 20815 | Spider:4 | Killed a ghost moth
 20815 | Spider:4 | Reached XP level 15. HP: 104/139 MP: 0/15
 21093 | Spider:4 | Reached skill level 15 in Fighting
 21319 | Spider:4 | Reached skill level 17 in Maces & Flails
 21486 | Spider:4 | Reached skill level 10 in Dodging
 21503 | Spider:4 | HP: 5/141 [something (14)]
 21503 | Spider:4 | HP: 2/141 [something (3)]
 21504 | Spider:4 | Slain by a ghost moth

Vault maps used:
D:1:      zelgadis_glass_arrival_small, minmay_fountain_box,
          minmay_rat_gold_closets
D:2:      grunt_temple_overflow_opulence, hangedman_decor_clover_reticule,
          uniq_jessica
D:3:      elyvilon_altar_4, serial_curves, eino_curves_03, eino_curves_01,
          nicolae_ru_great_annihilating_truth, uniq_crazy_yiuf_cottage
D:4:      minitemple, first_bread, uniq_blork_the_orc
D:5:      temple_green, fountainhead
D:6:      makhleb_heckhound_becter, fedhas_altar_fruit_tree
D:7:      erik_1, nicolae_overflow_hidden_temple, uniq_joseph
D:8:      kennysheep_little_box, serial_corexii_hall,
          corexii_hall_statues_deadend, corexii_hall_statues_l,
          corexii_hall_statues_x, interstate_on_off, hangedman_pestilent_swarm,
          small_statue_intersection
D:10:     serial_shops, shop
D:11:     lair_0_dummy, serial_shops, shop, basic_altar, uniq_maud
Lair:3:   minivault_19, hangedman_lair_generics_rect
Lair:4:   spider_nest_entry_web_field, uniq_rupert, uniq_nergalle
Spider:1: nicolae_spider_shape
Spider:2: nicolae_spider_cling_halls, uniq_arachne, uniq_frances
Spider:3: uniq_asterion, uniq_norris, uniq_roxanne, uniq_jorgrun
Spider:4: spider_rune_water, minivault_29

Action                   |  1- 3 |  4- 6 |  7- 9 | 10-12 | 13-15 || total
-------------------------+-------+-------+-------+-------+-------++-------
Melee: Whip              |    52 |    32 |   164 |       |       ||   248
       Unarmed           |     5 |       |       |       |       ||     5
       Flail             |       |    31 |       |       |       ||    31
       Quarterstaff      |       |    61 |   124 |       |       ||   185
       Dire flail        |       |       |    85 |   515 |   682 ||  1282
Throw: Tomahawk          |       |       |       |     7 |       ||     7
Invok: Sacrifice Stealth |       |     1 |       |       |       ||     1
       Sacrifice Love    |       |       |     1 |       |       ||     1
       Sacrifice Essence |       |       |       |     1 |       ||     1
       Sacrifice Arcana  |       |       |       |     1 |       ||     1
       Sacrifice Skill   |       |       |       |     1 |       ||     1
       Apocalypse        |       |       |       |     1 |     2 ||     3
       Reject Sacrifices |       |       |       |       |     1 ||     1
       Draw Out Power    |       |       |       |       |     1 ||     1
Evoke: Wand              |       |       |     1 |       |     8 ||     9
  Use: Scroll            |       |       |    16 |    18 |     9 ||    43
       Potion            |       |       |     8 |     6 |     4 ||    18
 Stab: Sleeping          |     9 |       |       |       |       ||     9
       Paralysed         |       |     1 |       |     2 |     5 ||     8
       Confused          |       |       |     1 |       |       ||     1
       Distracted        |       |       |     1 |     1 |     4 ||     6
       Invisible         |       |       |     1 |     6 |    26 ||    33
  Eat: Chunk             |     1 |     2 |     6 |     3 |     1 ||    13
       Bread ration      |       |     2 |     1 |     4 |     4 ||    11
       Royal jelly       |       |       |     1 |       |       ||     1
       Pizza             |       |       |       |     1 |     1 ||     2
       Meat ration       |       |       |       |       |     1 ||     1
       Fruit             |       |       |       |       |     1 ||     1
       Beef jerky        |       |       |       |       |     1 ||     1
